AoeStats
← El_Chin_Chin

Golden Pit

503301982Analyzed
1v1 RM · 1mo ago on Aug 31, 2026· 64m 0s· 2 players
Game mode
Random Map
Map size
Tiny (2 player)
Population
200
Speed
Normal
Resources
Standard
Victory
Conquest
Starting age
Dark Age
Ending age
Imperial Age
RankedLock teamsTeams togetherTeam positionsShared explorationLock speedFull tech treeHidden civsTurbo modeCheats
Victory
Defeat
🇨🇴 Teutons · Colombia
610
+15
🇵🇪 Celts · Peru
585
-15
El_Chin_Chin
0:47 Loom
11:52 Feudal Age
13:18 Wheelbarrow
12:31 Town Watch
13:12 Double-Bit Axe
13:09 Horse Collar
21:09 Gold Mining
25:03 Castle Age
23:34 Stone Mining
29:50 Fletching
31:10 Heavy Plow
31:22 Bow Saw
38:27 Hand Cart
42:21 Town Patrol
44:50 Light Cavalry
58:07 Imperial Age
59:37 Coinage
59:17 Guilds
59:45 Bodkin Arrow
60:00 Forging
59:56 Scale Barding Armor
61:02 Banking
60:14 Treadmill Crane
60:45 Masonry
60:41 Siege Engineers
SirLex
13:29 Feudal Age
14:13 Double-Bit Axe
15:07 Wheelbarrow
14:14 Horse Collar
22:15 Castle Age
20:34 Padded Archer Armor
20:25 Fletching
23:19 Bow Saw
27:47 Gold Mining
27:47 Stone Mining
28:31 Heavy Plow
28:55 Leather Archer Armor
28:35 Bodkin Arrow
29:14 Scale Mail Armor
29:10 Bodkin Arrow
33:27 Imperial Age
30:24 Elite Skirmisher
30:27 Pikeman
38:32 Ring Archer Armor
38:18 Chain Mail Armor
38:08 Scale Barding Armor
37:57 Heated Shot
45:27 Chain Barding Armor
45:38 Plate Mail Armor
45:19 Forging
44:31 Halberdier
45:12 Squires
44:57 Arson
45:10 Elite Teutonic Knight
46:26 Hoardings
Connection lost

Rejoining the realm…

Still unreachable

The connection could not be restored.

Session expired

The server has moved on; the page needs a fresh start.